 Dungeon Crawl Stone Soup version 0.17.1-1-g73c8601 (webtiles) character file.

186 Mysteryquy the Cudgeler (level 5, -2/32 HPs)
             Began as a Gargoyle Fighter on Jan 5, 2016.
             Killed from afar by an orc wizard (5 damage)
             ... with a magic dart
             ... on level 3 of the Dungeon.
             The game lasted 00:04:15 (2076 turns).

Mysteryquy the Cudgeler (Gargoyle Fighter)          Turns: 2076, Time: 00:04:15

Health: -2/32      AC: 10    Str: 26    XL:     5   Next: 65%
Magic:  5/5        EV:  7    Int:  8    God:
Gold:   184        SH:  9    Dex:  9    Spells: 0 memorised, 4 levels left

rFire  . . .     SeeInvis .     a - +0 flail
rCold  . . .     Clarity  .     b - +0 scale mail
rNeg   + . .     SustAt   .     c - +0 shield
rPois  ∞         Gourm    .     (no helmet)
rElec  +         Spirit   .     (no cloak)
rCorr  .         Warding  .     (no gloves)
rMut   .         Stasis   .     (no boots)
MR     .....                    (no amulet)
Stlth  ..........               (no ring)
                                (no ring)

@: mighty, slowed, very slow, not resistant to hostile enchantments, extremely
unstealthy
A: negative energy resistance 1, electricity resistance, unbreathing,
petrification resistance, rot immunity, AC +4
a: no special abilities


You were on level 3 of the Dungeon.
You were hungry.

You visited 1 branch of the dungeon, and saw 3 of its levels.

You collected 184 gold pieces.

Inventory:

Hand Weapons
 a - a +0 flail (weapon)
Armour
 b - a +0 scale mail (worn)
 c - a +0 shield (worn)
Jewellery
 p - an uncursed amulet of regeneration {unknown}
Wands
 k - a wand of confusion (2)
Scrolls
 f - 5 scrolls of identify {unknown}
 i - a scroll of recharging {unknown}
 j - 2 scrolls of teleportation {unknown}
 q - a scroll of magic mapping {unknown}
 r - a scroll of remove curse {unknown}
Potions
 g - 2 potions of heal wounds {unknown}
 l - a potion of curing {unknown}
 m - a potion of degeneration {unknown}
 o - 2 potions of brilliance {unknown}
Comestibles
 e - 4 bread rations
 h - 3 fruits
 n - a meat ration


   Skills:
 - Level 3.2 Fighting
 + Level 5.7 Maces & Flails
 - Level 3.2 Armour
 - Level 3.2 Shields


You had 4 spell levels left.
You didn't know any spells.

Dungeon Overview and Level Annotations

Branches:
Dungeon (3/15)

Altars:
Ashenzari


Innate Abilities, Weirdness & Mutations

You are resistant to torment.
Your stone body is resilient (AC +4).
You are immune to poison.
You resist negative energy.
You are resistant to electric shocks.
You can survive without breathing.
You are immune to petrification.
You are immune to rotting.


Message History

You resist with some effort. The orc closely misses you.
You closely miss the orc.
The orc wizard gestures wildly while chanting.
The orc wizard blinks!
The orc hits you with a trident.
* * * LOW HITPOINT WARNING * * *
You block the orc's attack.
You closely miss the orc. You block the orc's attack.
You sock the orc!
You kill the orc!
The orc wizard is no longer moving quickly.
The orc wizard casts a spell.
The orc wizard seems to speed up.
The orc wizard casts a spell.
The orc wizard blinks!
The orc wizard casts a spell.
The orc wizard blinks!
Items here: ))) [[ † The orc wizard gestures at you while chanting.
The magic dart hits you!
You die...

#..## #.#.# ##
#..####.#.##
#..#.......#
####..#.#####.#
/.......# #
##.#....#
####)# #
#.#####.#
#.).@o..#
####.##.#
...####.##.###
###
.............#
#..
.#.####.##.#.#
#.# #.##.#.#
#.# #.##.#.#
##.# #.##.#.#
##..# ##.##.#.#
##...##


You could see an orc wizard.

Vanquished Creatures
  An orc wizard (D:3)
  Terence (D:2)
  2 adders (D:2)
  An ooze (D:2)
  6 worms
  3 giant geckos
  12 orcs
  2 giant cockroaches (D:1)
  9 goblins
  8 hobgoblins
  10 jackals
  7 kobolds
  A ball python (D:1)
  5 bats
  5 giant newts
  2 quokkas
  9 rats
84 creatures vanquished.

Notes
Turn   | Place    | Note
--------------------------------------------------------------
     0 | D:1      | Mysteryquy the Gargoyle Fighter began the quest for the Orb.
     0 | D:1      | Reached XP level 1. HP: 14/14 MP: 1/1
   236 | D:1      | Reached XP level 2. HP: 16/19 MP: 2/2
   700 | D:1      | Reached XP level 3. HP: 23/23 MP: 3/3
  1035 | D:2      | Noticed Terence
  1048 | D:2      | Reached skill level 4 in Maces & Flails
  1086 | D:2      | Killed Terence
  1086 | D:2      | Reached XP level 4. HP: 28/28 MP: 4/4
  1118 | D:2      | Found a shattered altar of Ashenzari.
  1644 | D:3      | Reached skill level 5 in Maces & Flails
  1663 | D:3      | Reached XP level 5. HP: 27/32 MP: 5/5
  2076 | D:3      | Killed from afar by an orc wizard

Action                   |  1- 3 |  4- 6 || total
-------------------------+-------+-------++-------
Melee: Flail             |   159 |   179 ||   338
  Use: Potion            |       |     1 ||     1
  Eat: Chunk             |       |     4 ||     4
